 Dungeon Crawl Stone Soup version 0.19.5 (webtiles) character file.

243 Kosschaser the Slasher (level 5, 0/36 HPs)
             Began as a High Elf Skald on Mar 3, 2017.
             Slain by a scorpion (2 damage)
             ... on level 4 of the Dungeon.
             The game lasted 00:08:25 (3406 turns).

Kosschaser the Slasher (High Elf Skald)             Turns: 3406, Time: 00:08:25

Health: 0/36       AC:  6    Str: 12    XL:     5   Next: 82%
Magic:  19/19      EV: 12    Int: 15    God:
Gold:   216        SH:  2    Dex: 15    Spells: 2 memorised, 7 levels left

rFire  . . .     SeeInvis +     a - +0 falchion
rCold  . . .     Gourm    .     b - +0 leather armour
rNeg   . . .     Faith    .     (no shield)
rPois  .         Spirit   .     u - +1 hat
rElec  .         Reflect  +     h - +0 cloak
rCorr  .         Harm     .     i - +0 pair of gloves
MR     .....                    (no boots)
Stlth  +.........               g - +2 amulet of reflection
                                A - ring of magical power
                                t - ring of see invisible

@: lethally poisoned (0 -> -9)
A: no striking features
a: no special abilities


You were on level 4 of the Dungeon.
You were not hungry.

You visited 1 branch of the dungeon, and saw 4 of its levels.

You collected 216 gold pieces.

Inventory:

Hand Weapons
 a - a +0 falchion (weapon)
Armour
 b - a +0 leather armour (worn)
 h - a +0 cloak (worn)
 i - a +0 pair of gloves (worn)
 u - a +1 hat (worn)
Jewellery
 f - an uncursed amulet of faith
 g - a +2 amulet of reflection (around neck)
 t - a ring of see invisible (left hand)
 A - a ring of magical power (right hand)
Wands
 p - a wand of disintegration (16/24)
Scrolls
 e - 2 scrolls of magic mapping
 k - 2 scrolls of recharging
 l - a scroll of amnesia {unknown}
 m - 2 scrolls of enchant weapon
 v - a scroll of blinking {unknown}
 w - a scroll of immolation {unknown}
Potions
 j - a potion of cancellation
 q - 3 potions of mutation {unknown}
 r - a potion of curing {unknown}
 s - 2 potions of ambrosia {unknown}
 x - 2 potions of haste {unknown}
 z - a potion of lignification {unknown}
Books
 c - a book of Battle

   Spells                             Type                      Level
   a - Infusion                       Charms                       1
   b - Shroud of Golubria             Charms/Translocation         2
   c - Song of Slaying                Charms                       2
   d - Spectral Weapon                Hexes/Charms                 3
   e - Regeneration                   Charms/Necromancy            3
 y - a book of Misfortune

   Spells                             Type                      Level
   a - Confusing Touch                Hexes                        1
   b - Confuse                        Hexes                        3
   c - Gell's Gravitas                Hexes/Translocation          3
   d - Petrify                        Transmutation/Earth          4
   e - Metabolic Englaciation         Hexes/Ice                    5
   f - Yara's Violent Unravelling     Hexes/Transmutation          5
Comestibles
 d - 3 bread rations
 n - 2 meat rations
 o - a slice of pizza


   Skills:
 + Level 3.2 Fighting
 + Level 5.0 Long Blades
 + Level 1.9 Armour
 + Level 2.1 Dodging
 + Level 0.2 Stealth
 + Level 3.0 Spellcasting
 + Level 4.2 Charms


You had 7 spell levels left.
You knew the following spells:

 Your Spells              Type           Power        Failure   Level  Hunger
a - Infusion              Chrm           ##..         6%          1    #......
b - Song of Slaying       Chrm           ##......     10%         2    ##.....


Dungeon Overview and Level Annotations

Branches:
Dungeon (4/15)
 Temple: D:4-7

Altars:
Kikubaaqudgha
Nemelex Xobeh
Zin


Message History

The scorpion is moderately wounded.
You feel sick. The scorpion barely misses you.
You hit the scorpion but do no damage.
The scorpion is moderately wounded.
The scorpion stings you!
You are lethally poisoned!
The scorpion poisons you!
You closely miss the scorpion.
The scorpion is moderately wounded.
You feel sick.
The scorpion stings you but does no damage.
You completely miss the scorpion.
The scorpion is moderately wounded.
* * * LOW HITPOINT WARNING * * *
You feel sick. The scorpion stings you!
* * * LOW HITPOINT WARNING * * *
You feel magically purged.
* * * LOW HITPOINT WARNING * * *
You feel sick. The scorpion stings you.
You die...

.######.############.#####
.....##.# #.#.. ........#
#.#.# .###.#### #.#.##
..## .# #.# #..#.## ...#.
.# #.# #####.###.## #.##.
.# #.# #....## ##.# #.##.
## #.# #.....###.####.##.
# #.#
####@####.#....##.##.
####.#
#...s..###..###.#.##.
.....########......###.##
##.....
.......##..........##.##
##.##.
######.##.###......##.#
#.... #.##.# #......##.##
##.### #.##.#
##...#####.## ##.## #
#.##.# #...# ##.###.## #
######.##(####...# #....##
#


You could see a scorpion.

Vanquished Creatures
  An ogre (D:4)
  Ijyb (D:2)
  3 gnolls (D:4)
  3 adders (D:2)
  3 worms
  4 leopard geckos
  An orc (D:4)
  8 bats
  6 giant cockroaches
  8 goblins
  7 hobgoblins
  6 kobolds
  2 ball pythons (D:2)
  8 frilled lizards
  4 rats
65 creatures vanquished.

Notes
Turn   | Place    | Note
-------+----------+-------------------------------------------
     0 | D:1      | Kosschaser the High Elf Skald began the quest for the Orb.
     0 | D:1      | Reached XP level 1. HP: 14/14 MP: 4/4
    76 | D:1      | Reached skill level 1 in Armour
   540 | D:1      | Reached XP level 2. HP: 19/19 MP: 6/6
  1149 | D:2      | Reached skill level 3 in Long Blades
  1152 | D:2      | Reached XP level 3. HP: 12/24 MP: 8/8
  1398 | D:2      | Noticed Ijyb
  1419 | D:2      | Killed Ijyb
  1419 | D:2      | Reached XP level 4. HP: 7/30 MP: 0/9
  1941 | D:2      | Found a sparkling altar of Nemelex Xobeh.
  2526 | D:3      | Found an ancient bone altar of Kikubaaqudgha.
  2536 | D:3      | Reached skill level 4 in Long Blades
  2777 | D:3      | Found a glowing silver altar of Zin.
  3057 | D:4      | Reached XP level 5. HP: 29/36 MP: 10/10
  3117 | D:4      | Learned a level 2 spell: Song of Slaying
  3157 | D:4      | Noticed an ogre
  3164 | D:4      | Killed an ogre
  3164 | D:4      | Reached skill level 5 in Long Blades
  3406 | D:4      | Slain by a scorpion

Skill      XL: |  1  2  3  4  5 |
---------------+----------------+-----
Armour         | 1 |  1.9
Charms         | 4 |  4.2
Long Blades    | 3 4 5 |  5.0
Fighting       | 3 |  3.2
Dodging        | 2 |  2.1
Spellcasting   | 3 |  3.0
Stealth        | |  0.2

Action                   |  1- 3 |  4- 6 || total
-------------------------+-------+-------++-------
Melee: Falchion          |    74 |   116 ||   190
 Cast: Infusion          |     2 |     4 ||     6
  Use: Scroll            |     3 |     3 ||     6
       Potion            |       |     1 ||     1
 Stab: Sleeping          |     1 |       ||     1
  Eat: Chunk             |     1 |     7 ||     8
Armor: Leather armour    |    30 |    29 ||    59
       Robe              |       |     7 ||     7
Dodge: Dodged            |    47 |    78 ||   125
Block: Other             |     4 |     4 ||     8
       Rpst.: Falchion   |    16 |    29 ||    45
